 Dungeon Crawl Stone Soup version 0.31.0-32-g396128a36d (webtiles) character file.

Game seed: 9812556918735919508

2054253 DrFunkyFeet the Slayer (level 27, 238/238 HPs)
             Began as a Vampire Necromancer on Mar 9, 2024.
             Was the Champion of Kikubaaqudgha.
             Escaped with the Orb
             ... and 4 runes on Mar 10, 2024!
             The game lasted 06:18:41 (87274 turns).

DrFunkyFeet the Slayer (Vampire Necromancer)       Turns: 87274, Time: 06:18:42

Health: 238/238    AC: 18    Str: 14    XL:     27
Magic:  39/39      EV: 34    Int: 22    God:    Kikubaaqudgha [******]
Gold:   3571       SH: 22    Dex: 31    Spells: 3/50 levels left

rFire   + + .        e - +9 demon blade (pain)
rCold   + + .        W - +5 kite shield
rNeg    + . .        z - quicksilver dragon scales
rPois   +            y - -2 hat of the Alchemist {rElec rPois rF+ rC+ rN+ Will+ rMut rCorr}
rElec   +            Z - scarf {rC+ rF+}
rCorr   +            D - +0 pair of fencer's gloves {Riposte Dex+3}
SInv    +            E - +2 pair of boots of Noddo {rF- rC+ Str+5}
Will    +++++        a - amulet of magic regeneration
Stlth   +            d - +6 ring of dexterity
HPRegen 0.79/turn    u - ring "Lumuco Duri" {Fire Will++ rCorr Slay+6 Stlth-}
MPRegen 0.66/turn

%: resist mutation
@: healing quickly, studying 2 skills
A: alive, fangs 3, see invisible, vampiric 2, sense surroundings 1
0: Orb of Zot
}: 4/15 runes: barnacled, slimy, silver, gossamer
a: Exsanguinate, Renounce Religion, Unearth Wretches, Torment


You escaped.
You worshipped Kikubaaqudgha.
Kikubaaqudgha was exalted by your worship.
You visited 12 branches of the dungeon, and saw 56 of its levels.
You also visited: Ossuary and Gauntlet.

You collected 10810 gold pieces.
You spent 7239 gold pieces at shops.

Inventory:

Hand Weapons
 e - a +9 demon blade of pain (weapon)
 k - a +9 double sword of electrocution
 G - the +3 short sword "Denoc" {pain, *Slow +Blink Str+3 Dex+3}
   (You found it on level 4 of the Vaults)

   Str+3:     It affects your strength (+3).
   Dex+3:     It affects your dexterity (+3).
   +Blink:    It lets you blink.
   *Slow:     It may slow you when you take damage.
 Y - a +9 demon blade of chaos
Armour
 y - the -2 hat of the Alchemist (worn) {rElec rPois rF+ rC+ rN+ Will+ rMut rCorr}
   (You bought it in a shop on level 1 of the Elven Halls)

   rF+:       It protects you from fire.
   rC+:       It protects you from cold.
   rElec:     It insulates you from electricity.
   rPois:     It protects you from poison rN+: It protects you from negative
   energy.
   Will+:     It increases your willpower.
   rCorr:     It protects you from acid and corrosion.
   rMut:      It protects you from mutation.
 z - quicksilver dragon scales (worn)
 D - the +0 pair of fencer's gloves (worn) {Riposte Dex+3}
   (You bought it in a shop on level 3 of the Dungeon)

   Riposte:   It allows the wearer to riposte with melee weapons, swiftly
   retaliating against missed or blocked melee attacks.
   Dex+3:     It affects your dexterity (+3).
 E - the +2 pair of boots of Noddo (worn) {rF- rC+ Str+5}
   (You acquired it on level 5 of the Vaults)

   Str+5:     It affects your strength (+5).
   rF-:       It makes you vulnerable to fire.
   rC+:       It protects you from cold.
 W - a +5 kite shield (worn)
 Z - a scarf of resistance (worn)
Jewellery
 a - an amulet of magic regeneration (around neck)
 d - a +6 ring of dexterity (left hand)
 f - a +4 ring of protection
 o - the ring "Lewniec" {Fly Stlth+}
   (You bought it in a shop on level 3 of the Dungeon)

   [ring of flight]

   Fly:       It grants you flight.
   Stlth+:    It makes you more stealthy.
 u - the ring "Lumuco Duri" (right hand) {Fire Will++ rCorr Slay+6 Stlth-}
   (You took it off a merfolk impaler on level 4 of the Shoals)

   [ring of fire]

   Fire:      It enhances your fire magic.
   Slay+6:    It affects your accuracy & damage with ranged weapons and melee
   (+6).
   rF+:       It protects you from fire.
   rC-:       It makes you vulnerable to cold.
   Will++:    It greatly increases your willpower.
   rCorr:     It protects you from acid and corrosion.
   Stlth-:    It makes you less stealthy.
 P - the ring "Vymy" {rF+ rC- Int+6 Slay+2}
   (You took it off a deep elf pyromancer on level 3 of the Elven Halls)

   [ring of intelligence]

   Int+6:     It affects your intelligence (+6).
   Slay+2:    It affects your accuracy & damage with ranged weapons and melee
   (+2).
   rF+:       It protects you from fire.
   rC-:       It makes you vulnerable to cold.
 V - an amulet of reflection
Wands
 c - a wand of iceblast (41)
 F - a wand of digging (9)
 K - a wand of mindburst (7)
 L - a wand of paralysis (9)
 N - a wand of flame (88)
 X - a wand of quicksilver (20)
Scrolls
 h - 6 scrolls of fog
 i - 15 scrolls of poison
 j - 10 scrolls of noise
 l - 8 scrolls of amnesia
 q - 13 scrolls of teleportation
 A - a scroll of immolation
 I - 2 scrolls of silence
 M - 2 scrolls of fear
 R - 4 scrolls of torment
Potions
 b - 2 potions of magic
 g - 9 potions of attraction
 m - 5 potions of cancellation
 p - 2 potions of heal wounds
 r - 10 potions of brilliance
 s - a potion of resistance
 t - 7 potions of mutation
 v - 10 potions of enlightenment
 w - 9 potions of might
 B - 7 potions of lignification
 C - 10 potions of curing
 T - 7 potions of ambrosia
 U - 4 potions of berserk rage


   Skills:
 - Level 24.0 Fighting
 - Level 15.3 Long Blades
 - Level 15.0 Armour
 - Level 23.4 Dodging
 - Level 8.0 Stealth
 - Level 14.9 Shields
 - Level 12.0 Spellcasting
 - Level 10.0 Hexes
 * Level 16.1 Summonings
 + Level 23.1 Necromancy
 - Level 12.0 Earth Magic


You had 3 spell levels left.
You knew the following spells:

 Your Spells              Type           Power      Damage    Failure   Level
a - Necrotise             Necr           100%       1d9       0%          1
b - Vampiric Draining     Necr           86%        2d12      0%          3
c - Animate Dead          Necr           86%        N/A       0%          4
d - Fugue of the Fallen   Necr           86%        N/A       0%          3
e - Dispel Undead         Necr           86%        3d28      0%          4
f - Death Channel         Necr           43%        N/A       1%          6
g - Anguish               Hex/Necr       36%        N/A       1%          4
h - Martyr's Knell        Necr/Summ      79%        N/A       1%          4
i - Borgnjor's Vile Clut  Necr/Erth      37%        N/A       1%          5
j - Lee's Rapid Deconstr  Erth           30%        3d16*     3%          5
k - Haunt                 Necr/Summ      39%        N/A       4%          7
l - Apportation           Tloc           26%        N/A       14%         1

Your spell library contained the following spells:

 Spells                   Type           Power      Damage    Failure   Level
 Sublimation of Blood     Necr           86%        N/A       0%          2
 Kiss of Death            Conj/Necr      100%       2d13      1%          1
 Sandblast                Erth           100%       2d20      1%          1
 Slow                     Hex            100%       N/A       1%          1
 Summon Small Mammal      Summ           100%       N/A       1%          1
 Call Imp                 Summ           100%       N/A       1%          2
 Cigotuvi's Dreadful Rot  Necr/Alch/Air  94%        N/A       1%          2
 Jinxbite                 Hex            100%       N/A       1%          2
 Call Canine Familiar     Summ           71%        N/A       1%          3
 Confusing Touch          Hex            55%        N/A       1%          3
 Passwall                 Erth           60%        N/A       1%          3
 Sigil of Binding         Hex            55%        N/A       1%          3
 Summon Ice Beast         Ice/Summ       48%        N/A       1%          3
 Tukima's Dance           Hex            55%        N/A       1%          3
 Ensorcelled Hibernation  Hex/Ice        70%        N/A       2%          2
 Stone Arrow              Conj/Erth      78%        3d11      3%          3
 Dazzling Flash           Conj/Hex       70%        N/A       5%          3
 Inner Flame              Hex/Fire       51%        N/A       5%          3
 Magic Dart               Conj           52%        1d5       14%         1
 Shock                    Conj/Air       52%        1d6       14%         1
 Sting                    Conj/Alch      52%        1d6       14%         1
 Blink                    Tloc           26%        N/A       22%         2
 Lesser Beckoning         Tloc           26%        N/A       22%         2
 Mercury Vapours          Alch/Air       26%        N/A       22%         2
 Scorch                   Fire           38%        2d6       22%         2
 Searing Ray              Conj           26%        2d5       22%         2
 Frozen Ramparts          Ice            26%        1d4       41%         3
 Gell's Gravitas          Tloc           13%        N/A       41%         3
 Hailstorm                Conj/Ice       13%        3d6       41%         3
 Mephitic Cloud           Conj/Alch/Air  13%        N/A       41%         3
 Ozocubu's Armour         Ice            13%        N/A       41%         3
 Swiftness                Air            13%        N/A       41%         3
 Teleport Other           Tloc           13%        N/A       41%         3
 Volatile Blastmotes      Fire/Tloc      38%        2d13      41%         3
 Animate Armour           Summ/Erth      100%       N/A       1%          4
 Curse of Agony           Necr           86%        N/A       1%          5
 Summon Mana Viper        Hex/Summ       63%        N/A       1%          5
 Cause Fear               Hex            27%        N/A       2%          4
 Summon Cactus Giant      Summ           35%        N/A       3%          6
 Summon Blazeheart Golem  Fire/Summ      64%        N/A       5%          4
 Summon Lightning Spire   Summ/Air       48%        N/A       5%          4
 Brom's Barrelling Bould  Conj/Erth      39%        2d6       12%         4
 Leda's Liquefaction      Alch/Erth      19%        N/A       12%         4
 Petrify                  Alch/Erth      39%        N/A       12%         4
 Monstrous Menagerie      Summ           35%        N/A       17%         7
 Summon Hydra             Summ           35%        N/A       17%         7
 Dimensional Bullseye     Hex/Tloc       17%        N/A       19%         4
 Metabolic Englaciation   Hex/Ice        17%        N/A       45%         5
 Silence                  Hex/Air        17%        N/A       45%         5
 Airstrike                Air            6%         2d(1-17)  82%         4
 Flame Wave               Conj/Fire      19%        2d7       82%         4
 Fulminant Prism          Conj/Alch      6%         3d7       82%         4
 Ignite Poison            Fire/Alch      19%        N/A       82%         4
 Iskenderun's Mystic Bla  Conj/Tloc      13%        2d5       82%         4
 Manifold Assault         Tloc           13%        N/A       82%         4
 Passage of Golubria      Tloc           13%        N/A       82%         4
 Sticky Flame             Fire/Alch      19%        2d6       82%         4
 Vhi's Electric Charge    Tloc/Air       26%        N/A       82%         4
 Bombard                  Conj/Erth      19%        9d4       88%         6
 Enfeeble                 Hex            27%        N/A       90%         7
 Alistair's Intoxication  Alch           8%         N/A       99%         5
 Arcjolt                  Conj/Air       6%         1d16      99%         5
 Fireball                 Conj/Fire      9%         3d6       99%         5
 Freezing Cloud           Conj/Ice/Air   6%         6-21      99%         5
 Irradiate                Conj/Alch      6%         3d13      99%         5
 Iskenderun's Battlesphe  Conj           13%        2d7       99%         5
 Spellforged Servitor     Conj/Summ      24%        N/A       99%         7
 Conjure Ball Lightning   Conj/Air       6%         3x3d6     100%        6
 Dispersal                Tloc           6%         N/A       100%        6
 Eringya's Noxious Bog    Alch           6%         4d6       100%        6
 Plasma Beam              Fire/Air       9%         2x1d20    100%        6
 Sculpt Simulacrum        Ice/Alch       6%         N/A       100%        6
 Starburst                Conj/Fire      9%         6d5       100%        6
 Orb of Destruction       Conj           6%         9d6       100%        7
 Disjunction              Tloc           6%         N/A       100%        8
 Ignition                 Fire           9%         3d5       100%        8
 Lehudib's Crystal Spear  Conj/Erth      19%        10d6      100%        8
 Maxwell's Capacitive Co  Air            6%         ∞         100%        8
 Chain Lightning          Conj/Air       6%         3d8       100%        9
 Dragon's Call            Summ           35%        N/A       100%        9
 Fire Storm               Conj/Fire      9%         8d3       100%        9
 Shatter                  Erth           30%        3d25*     100%        9
 Borgnjor's Revivificati  Necr           Unusable   N/A       N/A         8
 Death's Door             Necr           Unusable   N/A       N/A         9

Dungeon Overview and Level Annotations

Branches:
Dungeon (15/15)            Temple (1/1) D:5            Lair (5/5) D:10
 Shoals (4/4) Lair:3       Spider (4/4) Lair:3        Slime (5/5) Lair:5
    Orc (2/2) D:11            Elf (3/3) Orc:2        Vaults (5/5) D:13
  Crypt (3/3) Vaults:3       Tomb (0/3) Crypt:3      Depths (4/4) D:15
    Zot (5/5) Depths:4    Ossuary (visited)         Gauntlet (visited)

Altars:
Ashenzari
Cheibriados
Dithmenos
Fedhas
Gozag
Hepliaklqana
Kikubaaqudgha
Makhleb
Nemelex Xobeh
Okawaru
Qazlal
Ru
Sif Muna
Trog
Uskayaw
Vehumet
Wu Jian
Xom
Yredelemnul
Jiyva

Shops:
D:2 [   D:3 [=?   D:5 *   D:11 =   D:14 ?   Orc:1 *   Orc:2 *=[(*   Elf:1 [
Elf:2 :   Shoals:3 (   Shoals:4 :   Vaults:5 !:=?![??!!   Depths:1 (
Depths:4 [

Portals:
Hell: Depths:1 Depths:2 Depths:3 Depths:4
Abyss: Depths:1 Depths:2 Depths:3
Pandemonium: Depths:2 Depths:4
Ziggurat: Depths:4

Annotations:
D:2 Sigmund
D:7 1 runed translucent door, Crazy Yiuf
D:10 exclusion: downstairs
Shoals:1 1 runed translucent door, Angmar's ghost, adept DrSh
Spider:1 3 runed translucent doors, Ejoupt's ghost, adept GrFi; kftrendy's ghost, adept VSBe
Elf:2 5 runed translucent doors, exclusion: 5 doors
Elf:3 exclusion: 2 upstairs
Depths:2 exclusion: downstairs
Depths:4 exclusions: 2 doors and 2 more exclusions
Zot:1 exclusion: downstairs
Zot:2 exclusion: 2 downstairs
Zot:3 exclusion: downstairs
Zot:5 4 transporters


Innate Abilities, Weirdness & Mutations

Your natural rate of healing is accelerated.
You have razor-sharp teeth.
You have supernaturally acute eyesight. (SInv)
You are afflicted with vampirism and can become a bat while bloodless.
You passively map a small area around you.


Message History

The lorocyproca is almost dead.
You block the lorocyproca's attack.
You cut the lorocyproca into ribbons!!!
You kill the lorocyproca!
Kikubaaqudgha accepts your kill.
A smoke demon comes into view.
The smoke demon moves out of view.
An angel comes into view. It is wielding a +1 whip of holy wrath.
You block the angel's attack. x3; The angel closely misses you.
Blink to where?
Press: ? - help, Dir - move target
As you read the scroll of blinking, it crumbles to dust.
An Orb Guardian comes into view.
Press: ? - help, v - describe, . - travel
Here: an angel, wielding a +1 whip of holy wrath and wearing a +0 robe (haloed)
The floor.
The Orb Guardian hits you!! The angel attacks as it pursues you!
The angel closely misses you.
The angel hits you with a +1 whip of holy wrath!
You convulse.
You block the Orb Guardian's attack.
Unknown command.
Blink to where?
Press: ? - help, Dir - move target
As you read the scroll of blinking, it crumbles to dust.
You climb upwards.
There is a stone staircase leading down here.
There is a stone staircase leading up here.
You climb upwards.
Level annotation: Sigmund
There is a stone staircase leading down here.
A soul eater comes into view.
The soul eater draws from the surrounding life force!
There is a stone staircase leading up here.
You climb upwards.
There is a stone staircase leading down here.
HP restored.
You see here a +0 spear.
An Orb Guardian comes into view.
There is a staircase leading out of the dungeon here.
You have escaped!

#.#....#...........>.....##)...
###.#.[..#..........##...........
..#.#.....................#......
....#.................##########.
...........♣♣♣♣♣♣♣♣♣..# #.
...........♣PP..PP..♣.# #.
...........♣PP..P.X.♣.# #.
......###..♣..PP...P♣.# #.
...†#.# ##.♣..P.@.PP♣.##### #.
....#.## #.♣PP...P..♣.....# #.
.......# #.♣P...PP..♣.....######.
...#.#.# #.♣...P..PP♣........)...
..##...###.♣..PP..PP♣....(######.
##..........♣♣♣♣♣♣♣♣♣.....# ##
#....................##### ###.
#........#.....###......#####...
#........#.##### ######.........


You could see an Orb Guardian.

Vanquished Creatures
  the Royal Jelly (Slime:5)
  2 dread liches
  2 ancient liches
  2 juggernauts
  2 orbs of fire (Zot:5)
  Boris (4 times) (Vaults:4 Depths:1 Crypt:2 Vaults:5)
  Parghit (Zot:2)
  The ghost of Lukheov the Peltast, a veteran DrWn of Okawaru (Vaults:2)
  A curse toe (Crypt:3)
  15 golden dragons
  A bone dragon (Crypt:1)
  The ghost of Xutext the Spry, an adept DsAK of Lugonu (Depths:2)
  A Brimstone Fiend (Depths:4)
  A hellephant (Depths:3)
  3 titans (Vaults:5)
  7 quicksilver dragons
  4 liches
  17 tentacled monstrosities
  10 Orb Guardians
  A deep elf master archer (Elf:3)
  10 acid blobs
  4 sphinxes
  6 death cobs
  6 ancient champions
  12 storm dragons
  4 shadow dragons
  7 tengu reavers
  Aizul (Spider:1)
  3 draconian monks
  7 rockslimes (Slime:5)
  5 protean progenitors
  Ilsuiw (Shoals:4)
  A draconian knight (Zot:2)
  10 azure jellies
  2 draconian shifters
  9 fire giants
  9 frost giants
  An iron dragon (Vaults:4)
  6 deep elf sorcerers
  9 ghost moths
  A caustic shrike zombie (Crypt:1)
  5 emperor scorpions
  2 balrugs (Depths:3)
  3 curse skulls
  5 deep elf elementalists
  15 vault wardens
  4 reapers
  4 draconian scorchers
  9 ghouls
  2 orc warlords
  2 spriggan defenders (Depths:3)
  10 very ugly things
  15 quicksilver oozes
  3 formless jellyfish
  20 ironbound preservers
  4 draconian stormcallers
  6 draconian annihilators
  17 stone giants
  A juggernaut skeleton (Crypt:3)
  4 ironbound thunderhulks
  9 green draconians
  6 black draconians
  7 deep elf death magi
  4 vampire knights
  9 deep elf annihilators
  2 dire elephants (Vaults:4)
  10 deep elf demonologists (Elf:3)
  A minotaur (Gauntlet)
  16 red draconians
  A spark wasp (Spider:2)
  4 war gargoyles
  16 white draconians
  4 yellow draconians
  A lorocyproca (D:4)
  13 purple draconians
  16 ettins
  Snorg (Orc:2)
  6 jiangshi
  5 merfolk javelineers
  A crystal guardian (Vaults:4)
  An acid blob zombie (Slime:5)
  5 rakshasas
  7 merfolk impalers
  11 fire dragons
  30 vault guards
  5 great orbs of eyes
  A salamander tyrant (Depths:3)
  5 yaktaur captains
  4 deep elf high priests
  6 entropy weavers
  2 quicksilver dragon skeletons
  2 ogre magi (Vaults:3)
  13 ice dragons
  A spriggan zombie (Crypt:2)
  A radroach (Spider:3)
  5 spriggan air magi
  4 ghost crabs (Lair:4)
  9 ironbound frosthearts
  A spriggan skeleton (Crypt:2)
  2 peacekeepers (Vaults:4)
  3 satyrs
  4 hydras
  17 centaur warriors
  4 death knights
  6 two-headed ogres
  4 boulder beetles
  A merfolk avatar (Shoals:4)
  4 merfolk aquamancers
  19 dancing weapons
  4 tengu warriors
  5 spriggan berserkers
  6 deep troll earth magi
  2 deep troll shamans
  3 vampire magi
  2 occultists
  4 orc high priests
  4 demonic crawlers
  11 hell knights
  Amaemon (Lair:3)
  12 deep elf knights
  A spriggan (Depths:3)
  2 shadow wraiths
  2 soul eaters (Crypt:1)
  A sun demon (Zot:1)
  An emperor scorpion zombie (Crypt:3)
  8 skysharks
  3 pharaoh ants
  28 skeletal warriors
  5 fire crabs (Lair:4)
  4 sixfirhies (Gauntlet)
  2 death drakes (Depths:4)
  6 iron trolls
  5 arcanists
  9 sea snakes
  3 large abominations
  A death drake (shapeshifter) (Vaults:5)
  A bog body (Crypt:3)
  38 deep trolls
  A glowing orange brain (D:14)
  2 steelbarb worms (Spider:1)
  2 orb spiders
  7 deep elf archers
  3 flayed ghosts
  17 ironbound convokers
  Pikel (D:7)
  An anaconda skeleton (Crypt:3)
  2 golden dragon skeletons (Crypt:1)
  2 sun moths (shapeshifter)
  30 deep elf zephyrmancers
  13 wolf spiders
  A bunyip skeleton (Crypt:2)
  18 necromancers
  9 orc knights
  7 orc sorcerers
  14 harpies
  4 lindwurms
  28 deep elf pyromancers
  A shining eye (Slime:5)
  An oklob plant (Gauntlet)
  28 ugly things
  12 phantasmal warriors
  20 moths of wrath
  A salamander (shapeshifter) (D:13)
  3 salamanders (Depths:1)
  15 manticores
  9 fauns
  9 merfolk sirens
  4 cyclopes
  3 elephants
  16 vault sentinels
  A worldbinder (Gauntlet)
  3 kobold blastminers
  3 water nymphs
  7 meliai
  6 black mambas
  An apocalypse crab (Lair:4)
  4 eyes of devastation
  A stone giant skeleton (Crypt:3)
  2 centaur skeletons (Crypt:2)
  12 cane toads
  An orange demon (Lair:3)
  6 torpor snails
  4 rime drakes
  A bunyip simulacrum (Crypt:2)
  A yaktaur (shapeshifter) (Depths:2)
  Jeremiah (D:7)
  A komodo dragon (shapeshifter) (Elf:3)
  4 unseen horrors
  10 freezing wraiths
  4 komodo dragons
  22 yaktaurs
  3 tengu conjurers
  A human skeleton (Vaults:2)
  A harpy zombie (Shoals:1)
  A polar bear (shapeshifter) (Depths:2)
  A tyrant leech (Lair:5)
  7 trolls
  6 wind drakes
  3 glass eyes
  9 merfolk
  15 tarantellas
  9 hornets
  A polar bear (Lair:1)
  Prince Ribbit (D:9)
  An iron troll skeleton (Crypt:2)
  A hydra skeleton (Crypt:3)
  10 blink frogs
  5 dream sheep
  3 snapping turtles
  73 slime creatures
  3 air elementals
  An ice dragon skeleton (Crypt:3)
  8 jumping spiders
  4 shadows
  A wyvern (shapeshifter) (Elf:2)
  6 culicivoras
  2 ettin skeletons
  2 vampires
  7 fire dragon skeletons (Crypt:1)
  38 yaks
  15 water elementals
  13 wraiths
  12 wyverns
  5 fire elementals
  A human (shapeshifter) (Vaults:5)
  2 steam dragons
  A wind drake zombie (Crypt:3)
  A black mamba skeleton (Crypt:1)
  5 golden eyes (Slime:3)
  8 basilisks
  4 chaos spawn (Depths:2)
  A yaktaur simulacrum (Vaults:2)
  41 redbacks
  4 wargs
  5 vampire mosquitoes
  A merfolk zombie (Crypt:2)
  A glowing shapeshifter zombie (Crypt:1)
  A naga zombie (Crypt:2)
  A water moccasin (shapeshifter) (Elf:3)
  An acid dragon (Gauntlet)
  3 small abominations (Depths:2)
  Duvessa (D:5)
  A deep troll skeleton (Crypt:2)
  39 water moccasins
  A glowing shapeshifter skeleton (Vaults:2)
  A demonspawn skeleton (Crypt:2)
  31 orc warriors
  2 human zombies (Vaults:2)
  2 black bears
  3 ice beasts
  15 laughing skulls
  7 ogres
  18 wolves
  A boggart (Gauntlet)
  4 centaurs
  An elephant skeleton (Crypt:1)
  A lemure (D:7)
  A phantom (D:7)
  A kobold brigand (D:7)
  18 bullfrogs
  2 gnoll sergeants (D:12)
  A hog skeleton (Crypt:2)
  7 necrophages (Crypt:1)
  An elf skeleton (Crypt:1)
  3 earth elementals
  3 scorpions (D:6)
  5 water moccasin zombies (Ossuary)
  A burial acolyte (Ossuary)
  Dowan (D:5)
  3 killer bees (D:11)
  A polar bear skeleton (Crypt:3)
  A raiju skeleton (Crypt:2)
  4 howler monkeys
  5 jellies
  14 orc priests
  4 gnoll boudas
  3 iguanas
  A spectral scorpion (Ossuary)
  A sleepcap (D:4)
  16 orc wizards
  5 hell rats (Lair:5)
  A boggart skeleton (D:15)
  A killer bee zombie (Crypt:1)
  A bullfrog simulacrum (Ossuary)
  A crocodile zombie (Ossuary)
  A tengu skeleton (Crypt:2)
  2 mummies (Ossuary)
  31 gnolls
  An adder (shapeshifter) (D:14)
  29 adders
  4 shadow imps
  A white imp (D:4)
  A ribbon worm zombie (Crypt:2)
  3 ufetubi (D:4)
  3 adder zombies (Ossuary)
  3 dart slugs
  2 ribbon worms
  67 orcs
  10 endoplasms
  12 gnoll zombies (Ossuary)
  6 hobgoblins
  6 jackals (D:3)
  A quokka (D:2)
  6 ball pythons
  7 bats
  4 frilled lizards
  6 goblins
  A hobgoblin skeleton (Crypt:2)
  3 jackal zombies (Ossuary)
  10 kobolds
  6 orc zombies (Ossuary)
  7 rats
  A river rat skeleton (Crypt:3)
  4 aspiring fleshes
  A butterfly (Lair:3)
2006 creatures vanquished.

Vanquished Creatures (collateral kills)
  Mennas (Vaults:4)
  An ancient lich (Zot:5)
  Vv (Depths:4)
  A Killer Klown (Zot:5)
  Boris (Depths:2)
  Nikola (Vaults:1)
  3 golden dragons
  Jorgrun (D:14)
  An electric golem (Zot:5)
  8 tentacled monstrosities
  A deep elf blademaster (Elf:3)
  12 Orb Guardians (Zot:5)
  7 acid blobs
  3 liches
  A sphinx (Depths:2)
  An Executioner (Zot:1)
  2 quicksilver dragons
  A deep elf master archer (Elf:3)
  A tengu reaver (Depths:2)
  A death cob (Zot:1)
  2 storm dragons
  4 shadow dragons
  5 rockslimes
  Agnes (D:14)
  2 draconian knights (Zot:3)
  2 azure jellies
  5 draconian monks (Depths:4)
  A protean progenitor (Zot:4)
  4 vault wardens
  3 emperor scorpions (Spider:4)
  2 fire giants
  A ghost moth (Spider:4)
  A frost giant (Vaults:5)
  4 draconian shifters
  A draconian scorcher (Zot:4)
  An iron dragon (Vaults:5)
  2 deep elf elementalists (Elf:3)
  2 draconian annihilators
  A very ugly thing (Depths:3)
  4 stone giants
  A formless jellyfish (Slime:3)
  2 ironbound preservers
  A green draconian (Zot:4)
  5 deep elf annihilators (Elf:3)
  3 deep elf death magi (Elf:3)
  A deep elf demonologist (Vaults:5)
  A dire elephant (Vaults:4)
  3 red draconians
  6 white draconians
  3 purple draconians
  2 black draconians (Depths:4)
  A war gargoyle (Vaults:5)
  2 yellow draconians
  2 ettins
  2 fire dragons
  Josephine (D:11)
  A deep elf high priest (Vaults:5)
  3 entropy weavers
  3 hydras
  2 ice dragons
  6 yaktaur captains
  2 spriggan air magi
  2 great orbs of eyes
  An ogre mage (Vaults:5)
  2 radroaches (Spider:2)
  2 jorogumos (Spider:2)
  2 ironbound frosthearts
  3 merfolk aquamancers (Shoals:4)
  3 centaur warriors
  A merfolk avatar (Shoals:3)
  An alligator snapping turtle (Shoals:4)
  A boulder beetle (D:12)
  A deep troll earth mage (Depths:3)
  A death yak (Lair:1)
  A demonic crawler (Spider:3)
  2 spriggan berserkers
  Nergalle (Lair:3)
  A hell knight (Depths:3)
  2 deep elf knights
  5 skysharks
  A skyshark (shapeshifter) (Vaults:5)
  A salamander mystic (Depths:1)
  An iron troll (Depths:3)
  8 sea snakes
  A death drake (Depths:4)
  5 orb spiders
  3 large abominations
  A glowing orange brain (Depths:2)
  An arcanist (Vaults:2)
  6 steelbarb worms
  5 harpies
  12 deep trolls
  An orc knight (Orc:1)
  2 deep elf pyromancers
  3 ironbound convokers (Vaults:5)
  4 wolf spiders
  2 cyclopes
  7 ugly things
  5 deep elf zephyrmancers
  2 orc sorcerers
  5 fauns
  3 manticores
  An oklob plant (Lair:5)
  6 moths of wrath
  4 shining eyes
  2 black mambas (Lair:5)
  5 merfolk sirens
  3 meliai
  A guardian serpent (Lair:5)
  38 slime creatures
  3 elephants (Lair:5)
  A torpor snail (Lair:5)
  An eye of devastation (Slime:3)
  3 vault sentinels
  9 cane toads
  2 rime drakes (Lair:5)
  8 yaktaurs
  A centaur skeleton (D:15)
  3 komodo dragons
  3 tengu conjurers
  A harpy zombie (Vaults:4)
  2 polar bears
  Psyche (D:8)
  15 merfolk
  5 hornets
  2 tyrant leeches (Lair:5)
  6 tarantellas
  3 blink frogs
  5 wind drakes
  2 glass eyes (Slime:5)
  3 snapping turtles
  A centaur simulacrum (D:15)
  8 culicivoras
  13 jumping spiders
  A spriggan (Depths:3)
  4 water elementals
  An air elemental (Elf:3)
  9 yaks
  A small abomination (Depths:2)
  A steam dragon (Lair:4)
  A wyvern (Lair:5)
  7 golden eyes (Slime:3)
  3 basilisks
  26 redbacks
  2 chaos spawn (Depths:2)
  6 water moccasins
  A hell hound (Spider:2)
  4 orc warriors (Orc:2)
  2 ogres
  4 wolves
  4 centaurs (D:15)
  3 bullfrogs
  4 jellies (Lair:5)
  5 orc priests
  3 orc wizards
  2 gnolls
  2 ufetubi (D:6)
  A dart slug (D:1)
  13 orcs
  A goblin (D:4)
  A hobgoblin (D:1)
  A jackal (D:3)
  A kobold (D:7)
  2 rats
538 creatures vanquished.

Vanquished Creatures (others)
  2 golden dragons
  Asterion (Vaults:1)
  2 deep elf master archers (Elf:3)
  2 sphinxes
  2 shadow dragons
  A storm dragon (Zot:2)
  A draconian knight (Zot:2)
  4 fire giants
  A deep elf sorcerer (Vaults:5)
  2 draconian scorchers (Zot:3)
  An emperor scorpion (Crypt:3)
  2 ghost moths
  A vault warden (Vaults:3)
  A frost giant (Vaults:4)
  3 draconian stormcallers
  2 orc warlords (Vaults:4)
  2 draconian annihilators
  3 ironbound preservers
  An ironbound thunderhulk (Vaults:2)
  7 stone giants
  A quicksilver ooze (Crypt:3)
  4 black draconians
  3 green draconians
  A purple draconian (Zot:3)
  A Killer Klown zombie (Zot:5)
  2 deep elf demonologists
  A red draconian (Depths:4)
  A dire elephant (Vaults:4)
  4 white draconians
  3 spark wasps
  Azrael (Spider:2)
  3 very ugly thing zombies
  2 ettins
  4 fire dragons (Depths:4)
  An entropy weaver (Spider:2)
  2 quicksilver dragon zombies
  3 ice dragons (Depths:4)
  2 yaktaur captains
  3 acid blob zombies (Slime:5)
  A vault guard (Vaults:4)
  A great orb of eyes (Vaults:4)
  A hydra (Lair:3)
  2 jorogumos
  A spriggan air mage (Crypt:3)
  2 boulder beetles
  3 ironbound frosthearts
  3 deep troll earth magi
  A two-headed ogre (shapeshifter) (Vaults:5)
  A death yak (Lair:1)
  5 Orb Guardian zombies (Zot:5)
  2 tengu warriors (Depths:3)
  A deep troll shaman (Depths:4)
  2 quicksilver ooze zombies (Slime:5)
  6 hell knights
  A titan zombie (Vaults:5)
  A spriggan berserker (Depths:4)
  2 storm dragon zombies
  An iron troll (Depths:4)
  3 deep elf knights (Elf:3)
  3 golden dragon zombies
  A ghost moth zombie (Zot:2)
  14 deep trolls
  7 deep elf archers
  A sun moth (Spider:1)
  2 orb spiders
  2 arcanists
  2 necromancers (Depths:4)
  2 shadow dragon zombies
  A lindwurm (Vaults:4)
  11 deep elf pyromancers
  2 wolf spiders
  4 orc knights
  2 harpies
  4 ironbound convokers
  2 steelbarb worms
  An ugly thing zombie (Depths:3)
  A deep elf zephyrmancer (Elf:3)
  An ugly thing (Depths:3)
  2 orc sorcerers (Vaults:4)
  2 frost giant zombies
  An iron dragon zombie (Vaults:4)
  3 fire giant zombies
  7 draconian zombies
  6 stone giant zombies
  2 meliai (Spider:3)
  A dire elephant zombie (Vaults:4)
  A kobold blastminer (Orc:2)
  A salamander (Gauntlet)
  5 black mambas
  A salamander zombie (Depths:3)
  2 vault sentinels
  12 moths of wrath
  2 green draconian zombies
  A cane toad (Lair:5)
  3 black draconian zombies
  A sea snake zombie (Shoals:1)
  A komodo dragon (Lair:5)
  3 white draconian zombies
  3 red draconian zombies
  3 purple draconian zombies
  5 redback zombies
  3 yaktaurs
  A freezing wraith (Vaults:5)
  A yellow draconian skeleton (Crypt:2)
  A demonic crawler zombie (Spider:2)
  A great orb of eyes zombie (Vaults:4)
  2 harpy zombies
  7 moth of wrath zombies
  A troll (Orc:2)
  2 tarantellas
  3 fire dragon zombies
  3 ettin zombies
  2 meliai zombies (Spider:2)
  2 tarantella zombies (Spider:2)
  A satyr zombie (Shoals:4)
  A culicivora zombie (Spider:4)
  A boulder beetle zombie (Vaults:5)
  3 spriggan zombies
  2 ice dragon zombies (Depths:4)
  A radroach zombie (Spider:2)
  3 black mamba zombies
  A spriggan (shapeshifter) (Depths:4)
  A wind drake zombie (Shoals:3)
  6 slime creature zombies
  2 two-headed ogre zombies
  3 redbacks
  16 deep troll zombies
  6 tengu zombies
  A cane toad zombie (Lair:4)
  4 faun zombies
  A skyshark zombie (Vaults:5)
  An entropy weaver zombie (Vaults:3)
  4 orc warriors
  2 hornet zombies (Lair:5)
  A lindwurm zombie (Vaults:4)
  3 blink frog zombies (Lair:5)
  2 dream sheep zombies (Shoals:2)
  62 elf zombies
  3 ogres (Orc:2)
  6 manticore zombies
  3 elephant zombies
  14 merfolk zombies
  3 rime drake zombies (Lair:5)
  A komodo dragon zombie (Lair:1)
  7 yaktaur zombies
  32 human zombies
  4 wyvern zombies
  A cyclops zombie (Shoals:2)
  11 water moccasin zombies
  A troll zombie (D:13)
  6 yak zombies
  7 wolf zombies
  4 bullfrog zombies
  A jelly (Lair:5)
  7 centaur zombies
  An orc priest (Orc:1)
  3 ogre zombies (Orc:2)
  4 hell rat zombies (Lair:5)
  3 gnoll zombies (D:7)
  56 orc zombies
589 creatures vanquished.

Grand Total: 3133 creatures vanquished

Notes
Turn   | Place    | Note
-------+----------+-------------------------------------------
     0 | D:1      | DrFunkyFeet the Vampire Necromancer began the quest for the
                  | Orb.
     0 | D:1      | Reached XP level 1. HP: 13/13 MP: 3/3
   201 | D:1      | Reached XP level 2. HP: 19/19 MP: 1/5
   778 | D:1      | Reached skill level 5 in Necromancy
   848 | D:2      | Gained mutation: You are afflicted with vampirism and can
                  | become a bat while bloodless. [Vampire growth]
   848 | D:2      | Reached XP level 3. HP: 22/24 MP: 1/6
   904 | D:2      | Learned a level 3 spell: Vampiric Draining
   953 | D:2      | Found Affuwari's Armour Emporium.
   994 | D:2      | Noticed Sigmund
  1168 | D:2      | Reached XP level 4. HP: 23/30 MP: 1/7
  1468 | D:2      | Learned a level 4 spell: Animate Dead
  2090 | D:3      | Found Fis Coath's Magic Scroll Shoppe.
  2125 | D:3      | Bought a scroll of identify for 28 gold pieces
  2125 | D:3      | Bought a scroll of identify for 28 gold pieces
  2125 | D:3      | Bought a scroll of identify for 28 gold pieces
  2204 | D:3      | Reached XP level 5. HP: 31/35 MP: 9/9
  2232 | D:3      | Found Egenoag's Jewellery Emporium.
  2497 | D:3      | Found Karhiaty's Armour Shoppe.
  2924 | D:4      | Reached skill level 5 in Stealth
  2972 | D:4      | Found a sand-covered staircase.
  2980 | Ossuary  | Entered an ossuary
  3029 | Ossuary  | Reached XP level 6. HP: 29/41 MP: 9/11
  3317 | Ossuary  | Reached XP level 7. HP: 35/46 MP: 10/13
  4210 | D:4      | Identified the +2 falchion of Gozag's Favour {speed, rN+
                  | Dex+4}
  4414 | D:5      | Entered Level 5 of the Dungeon
  4453 | D:5      | Reached skill level 1 in Long Blades
  4560 | D:5      | Found a staircase to the Ecumenical Temple.
  4564 | Temple   | Entered the Ecumenical Temple
  4595 | Temple   | Became a worshipper of Kikubaaqudgha
  4677 | D:5      | Reached XP level 8. HP: 38/52 MP: 10/14
  4911 | D:5      | Noticed Dowan
  4917 | D:5      | Noticed Duvessa
  4943 | D:5      | Killed Duvessa
  4951 | D:5      | Killed Dowan
  5072 | D:5      | Found Nukkyczafa's Lightly-Used Armoury.
  5092 | D:5      | Bought a -3 demon blade for 1 gold piece
  5430 | D:5      | Reached skill level 5 in Long Blades
  5452 | D:5      | Reached skill level 10 in Necromancy
  5459 | D:5      | Reached XP level 9. HP: 27/57 MP: 2/15
  6088 | D:6      | Reached skill level 1 in Fighting
  6090 | D:6      | Reached * piety under Kikubaaqudgha
  6090 | D:6      | Received a gift from Kikubaaqudgha
  6095 | D:6      | Learned a level 3 spell: Fugue of the Fallen
  6620 | D:6      | Reached skill level 2 in Fighting
  6792 | D:6      | Identified a scroll of acquirement
  6792 | D:6      | Acquired a +1 buckler of reflection
  6811 | D:7      | Noticed Jeremiah
  6998 | D:7      | Killed Jeremiah
  6999 | D:7      | Reached skill level 1 in Shields
  7191 | D:7      | Noticed Pikel
  7217 | D:7      | Killed Pikel
  7218 | D:7      | Reached skill level 3 in Fighting
  7335 | D:7      | Reached XP level 10. HP: 64/70 MP: 14/16
  7338 | D:7      | Reached ** piety under Kikubaaqudgha
  7671 | D:7      | Found a runed translucent door.
  7672 | D:7      | Noticed Crazy Yiuf
  8364 | D:8      | Reached skill level 4 in Fighting
  8371 | D:8      | Reached skill level 10 in Long Blades
  8554 | D:8      | Noticed Psyche
  8945 | D:8      | Killed Psyche
  9395 | D:9      | Found an opulent altar of Gozag.
  9436 | D:9      | Noticed a two-headed ogre
  9444 | D:9      | Killed a two-headed ogre
  9445 | D:9      | Reached skill level 5 in Fighting
  9644 | D:9      | Noticed a two-headed ogre
  9657 | D:9      | Killed a two-headed ogre
  9878 | D:9      | Noticed Prince Ribbit
  9894 | D:9      | Killed Prince Ribbit
 10258 | D:10     | Entered Level 10 of the Dungeon
 10277 | D:10     | Reached XP level 11. HP: 52/64 MP: 10/17
 10277 | D:10     | Found a staircase to the Lair.
 10295 | D:10     | Reached *** piety under Kikubaaqudgha
 10295 | D:10     | Received a gift from Kikubaaqudgha
 10304 | D:9      | Learned a level 4 spell: Dispel Undead
 11046 | D:10     | Noticed a green ugly thing
 11060 | D:10     | Killed a green ugly thing
 11405 | D:10     | Reached skill level 6 in Fighting
 11520 | D:11     | Found a staircase to the Orcish Mines.
 11591 | D:11     | Noticed Josephine
 11838 | Lair:1   | Entered Level 1 of the Lair of Beasts
 12195 | Lair:1   | Noticed a death yak
 12398 | Lair:1   | Reached skill level 5 in Shields
 12412 | Lair:1   | Killed a death yak
 12458 | Lair:1   | Identified the +8 flail of Perversion {freeze, rC+}
 13093 | D:2      | Bought the +1 hat "Boshis" {rElec Str-2 SInv} for 230 gold
                  | pieces
 13093 | D:2      | Bought a +2 pair of gloves of strength for 215 gold pieces
 13553 | Lair:1   | Reached skill level 7 in Fighting
 13985 | Lair:1   | Noticed a seven-headed hydra
 14134 | Lair:2   | Reached XP level 12. HP: 63/72 MP: 8/18
 14343 | Lair:2   | Reached **** piety under Kikubaaqudgha
 15244 | Lair:2   | Reached skill level 8 in Fighting
 15250 | Lair:2   | Reached ***** piety under Kikubaaqudgha
 15934 | Lair:3   | Found a hide-covered altar of Uskayaw.
 15979 | Lair:3   | Noticed Amaemon
 16002 | Lair:3   | Killed Amaemon
 16003 | Lair:3   | Reached skill level 5 in Dodging
 16102 | Lair:3   | Found a staircase to the Shoals.
 16273 | Lair:3   | Reached skill level 5 in Spellcasting
 16465 | Lair:3   | Noticed Nergalle
 16709 | Lair:3   | Noticed an eight-headed hydra
 16858 | Lair:3   | Found a hole to the Spider Nest.
 17556 | Lair:3   | Killed Nergalle
 17893 | Lair:1   | Killed a seven-headed hydra
 17894 | Lair:1   | Reached XP level 13. HP: 37/79 MP: 9/21
 18503 | Lair:4   | Reached skill level 9 in Fighting
 18593 | Lair:4   | Found a runed translucent door.
 19630 | Lair:5   | Entered Level 5 of the Lair of Beasts
 19684 | Lair:5   | Found a staircase to the Slime Pits.
 20199 | Lair:5   | Reached skill level 10 in Fighting
 20649 | Lair:5   | Reached XP level 14. HP: 86/88 MP: 23/23
 21223 | Lair:5   | Learned a level 6 spell: Death Channel
 21804 | Lair:5   | Acquired a +4 double sword of electrocution
 22191 | Lair:5   | Noticed an azure jelly
 22220 | Lair:5   | Reached skill level 1 in Armour
 22224 | Lair:5   | Killed an azure jelly
 22225 | Lair:5   | Reached skill level 10 in Dodging
 23366 | D:11     | Found Rismucw's Jewellery Emporium.
 23433 | D:11     | Killed Josephine
 23811 | Orc:1    | Entered Level 1 of the Orcish Mines
 23840 | Orc:1    | Found Tiup's General Store.
 23854 | Orc:1    | Paralysed by an orc sorcerer for 3 turns
 23869 | Orc:1    | Reached skill level 15 in Necromancy
 23871 | Orc:1    | Reached ****** piety under Kikubaaqudgha
 24170 | Orc:2    | Entered Level 2 of the Orcish Mines
 24188 | Orc:2    | Identified a +0 demon blade of pain (a -2 demon blade
                  | bloodied by Kikubaaqudgha)
 24188 | Orc:2    | Received a gift from Kikubaaqudgha
 24367 | Orc:2    | Found a staircase to the Elven Halls.
 24376 | Orc:2    | Reached skill level 15 in Long Blades
 24382 | Orc:2    | Noticed Snorg
 24384 | Orc:2    | Found Wyowk's General Store.
 24394 | Orc:2    | Killed Snorg
 24503 | Orc:2    | Bought a scroll of enchant weapon for 97 gold pieces
 24882 | Orc:2    | Noticed an orc warlord
 25406 | Orc:2    | Killed an orc warlord
 25409 | Orc:2    | Reached XP level 15. HP: 65/117 MP: 24/24
 25410 | Orc:2    | Found Boimus's General Store.
 25440 | Orc:2    | Found Venezof's Antique Weapon Shop.
 25503 | Orc:2    | Found Emupaxos's Antique Armour Shop.
 25560 | Orc:2    | Bought a scroll of identify for 24 gold pieces
 25654 | Orc:2    | Found Jelifoon's Jewellery Shop.
 26392 | D:12     | Reached skill level 5 in Armour
 26737 | D:13     | Found a gate leading to a gauntlet.
 26743 | Gauntlet | Entered a Gauntlet
 26743 | Gauntlet | Found a transporter.
 26750 | Gauntlet | Found a transporter.
 26752 | Gauntlet | Found a transporter.
 26757 | Gauntlet | Found a runed translucent door.
 26757 | Gauntlet | Found a runed translucent door.
 26762 | Gauntlet | Found a transporter.
 26765 | Gauntlet | Found a transporter.
 26776 | Gauntlet | Found a transporter.
 26792 | Gauntlet | Found a transporter.
 26803 | Gauntlet | Found a transporter.
 26813 | Gauntlet | Found a transporter.
 26830 | Gauntlet | Found a transporter.
 26836 | Gauntlet | Found a transporter.
 26839 | Gauntlet | Found a transporter.
 26896 | Gauntlet | Found a transporter.
 26979 | Gauntlet | Reached skill level 11 in Fighting
 27082 | Gauntlet | Got the Compendium of Imprecation
 27100 | Gauntlet | Got the Compendium of the Swarm
 27462 | D:13     | Found a gate to the Vaults.
 28624 | D:14     | Noticed Jorgrun
 28638 | D:14     | Killed Jorgrun
 28960 | D:14     | Noticed Agnes
 28976 | D:14     | Killed Agnes
 29084 | D:14     | Found Zungaax's Magic Scroll Emporium.
 29262 | D:14     | You fall into a shaft and drop 1 floor!
 29262 | D:15     | Entered Level 15 of the Dungeon
 30102 | D:15     | Reached skill level 12 in Fighting
 30121 | D:15     | Reached XP level 16. HP: 84/127 MP: 27/27
 30123 | D:15     | Found a staircase to the Depths.
 30771 | Elf:1    | Entered Level 1 of the Elven Halls
 30891 | Elf:1    | Found a radiant altar of Vehumet.
 31422 | Elf:1    | Found Qioqa's Armour Shop.
 31438 | Elf:1    | Bought the -2 hat of the Alchemist {rElec rPois rF+ rC+ rN+
                  | Will+ rMut rCorr} for 708 gold pieces
 31438 | Elf:1    | Found the -2 hat of the Alchemist {rElec rPois rF+ rC+ rN+
                  | Will+ rMut rCorr}
 31778 | Elf:1    | Learned a level 4 spell: Anguish
 32016 | Elf:1    | Paralysed by an air elemental for 1 turns
 32048 | Elf:1    | Reached skill level 1 in Hexes
 32232 | Elf:2    | Found a radiant altar of Vehumet.
 33245 | Elf:2    | Found Ebluchitre's Book Shop.
 33380 | Elf:2    | Found a huge runed translucent gate.
 33380 | Elf:2    | Found a huge runed translucent gate.
 33380 | Elf:2    | Found a huge runed translucent gate.
 33380 | Elf:2    | Found a huge runed translucent gate.
 33381 | Elf:2    | Found a huge runed translucent gate.
 33419 | Elf:3    | Entered Level 3 of the Elven Halls
 33980 | Elf:3    | Reached XP level 17. HP: 75/135 MP: 30/30
 34682 | Elf:3    | Paralysed by an air elemental for 1 turns
 35176 | Elf:3    | Reached skill level 5 in Hexes
 35419 | Elf:3    | Noticed a deep elf master archer
 35433 | Elf:3    | Killed a deep elf master archer
 35434 | Elf:3    | Reached skill level 13 in Fighting
 35437 | Elf:3    | Noticed a deep elf master archer
 35445 | Elf:3    | Killed a deep elf master archer
 35448 | Elf:3    | Paralysed by an air elemental for 1 turns
 35462 | Elf:3    | Noticed a deep elf blademaster
 35467 | Elf:3    | Noticed a deep elf master archer
 35543 | Elf:3    | Killed a deep elf master archer
 35550 | Elf:3    | Killed a ghostly deep elf master archer
 36254 | D:3      | Bought a scroll of teleportation for 42 gold pieces
 36254 | D:3      | Bought a scroll of teleportation for 42 gold pieces
 36254 | D:3      | Bought 3 scrolls of blinking for 315 gold pieces
 36254 | D:3      | Bought a scroll of enchant armour for 105 gold pieces
 36915 | Elf:3    | Noticed a Tzitzimitl
 36981 | Elf:3    | Identified the +1 chain mail "Valolo" {+Inv Int+3}
 37198 | Elf:3    | Killed a deep elf blademaster
 37357 | Elf:3    | Reached skill level 10 in Spellcasting
 37359 | Elf:3    | Noticed an Ice Fiend
 37388 | Elf:3    | Noticed an Ice Fiend
 37391 | Elf:3    | Noticed a Hell Sentinel
 37436 | Elf:3    | Noticed a deep elf master archer
 37454 | Elf:3    | Killed a deep elf master archer
 37523 | Elf:3    | Identified the ring "Vymy" {rF+ rC- Int+6 Slay+2}
 37761 | Elf:3    | Got the Octavo of the Viperous Entourage
 37824 | Elf:3    | Identified the staff of Uskayaw's Anger {^Contam rF++ rN+
                  | rCorr Dex-2 Necro}
 37841 | Elf:3    | Identified the +0 whip of Hospitality {freeze, Str+4}
 37845 | Elf:3    | Found the +8 storm bow {elec, penet}
 37852 | Elf:3    | Found the +5 robe of Night {Dark Will+ SInv}
 38203 | Shoals:1 | Entered Level 1 of the Shoals
 38261 | Shoals:1 | Reached skill level 10 in Shields
 38267 | Shoals:1 | Reached skill level 1 in Earth Magic
 38267 | Shoals:1 | Found a runed translucent door.
 38277 | Shoals:1 | Noticed Angmar's ghost (adept DrSh)
 38309 | Shoals:1 | Found a radiant altar of Vehumet.
 38385 | Shoals:1 | Found a hazy altar of Hepliaklqana.
 38554 | Shoals:1 | Reached XP level 18. HP: 91/145 MP: 23/32
 39264 | D:3      | Bought the ring "Lewniec" {Fly Stlth+} for 300 gold pieces
 39768 | Shoals:2 | Identified the +1 leather armour of Impermeability {rElec
                  | Int+4 Stlth+}
 39820 | Shoals:2 | Reached skill level 14 in Fighting
 40999 | Shoals:3 | Learned a level 4 spell: Martyr's Knell
 41259 | Shoals:3 | Found Irhel's Weapon Boutique.
 41374 | Shoals:3 | Identified the +0 leather armour of Gehenna {rElec}
 42399 | Shoals:4 | Entered Level 4 of the Shoals
 42436 | Shoals:4 | Identified the ring "Lumuco Duri" {Fire Will++ rCorr Slay+6
                  | Stlth-}
 42489 | Shoals:4 | Reached skill level 5 in Earth Magic
 42762 | Shoals:4 | Noticed Ilsuiw
 42782 | Shoals:4 | Killed Ilsuiw
 42963 | Shoals:4 | Your ally Ilsuiw died
 42970 | Shoals:4 | Identified the +8 glaive of Ysyosol {flame, *Corrode
                  | ^Fragile +Blink Dex+8}
 43047 | Shoals:4 | Got a barnacled rune of Zot
 43703 | Shoals:4 | Found Tilusk's Book Boutique.
 43950 | Spider:1 | Entered Level 1 of the Spider Nest
 43966 | Spider:1 | You fall into a shaft and drop 1 floor!
 43983 | Spider:2 | Reached skill level 1 in Summonings
 44185 | Spider:2 | Reached skill level 15 in Fighting
 44295 | Spider:2 | Reached XP level 19. HP: 147/155 MP: 26/33
 44571 | Spider:2 | Noticed Azrael
 44613 | Spider:2 | Killed Azrael
 45063 | Spider:1 | Identified the serpent talisman "Azeiklack" {Stlth+}
 45063 | Spider:1 | Noticed Aizul
 45072 | Spider:1 | Killed Aizul
 45185 | Spider:1 | Found a runed translucent gate.
 45185 | Spider:1 | Found a runed translucent gate.
 45185 | Spider:1 | Found a runed translucent gate.
 45186 | Spider:1 | Noticed kftrendy's ghost (adept VSBe)
 45186 | Spider:1 | Noticed Ejoupt's ghost (adept GrFi)
 45523 | Spider:1 | Reached skill level 15 in Dodging
 46678 | Spider:3 | Reached skill level 5 in Summonings
 47145 | Spider:4 | Entered Level 4 of the Spider Nest
 47287 | Spider:4 | Found a glacial archway.
 47666 | Spider:4 | Reached skill level 16 in Fighting
 47759 | Spider:4 | Got a gossamer rune of Zot
 49185 | D:3      | Bought the +0 pair of fencer's gloves {Riposte Dex+3} for
                  | 400 gold pieces
 49185 | D:3      | Found the +0 pair of fencer's gloves {Riposte Dex+3}
 49438 | Vaults:1 | Entered Level 1 of the Vaults
 49747 | Vaults:1 | Reached XP level 20. HP: 84/166 MP: 19/34
 50059 | Vaults:1 | Noticed Asterion
 50068 | Vaults:1 | Killed Asterion
 50151 | Vaults:1 | Identified the +0 robe of Valour {rElec rC+}
 50982 | Vaults:1 | Noticed Nikola
 50998 | Vaults:1 | Killed Nikola
 52146 | Vaults:2 | Reached skill level 17 in Fighting
 52157 | Vaults:2 | Reached skill level 10 in Hexes
 52475 | Vaults:2 | Found a runed translucent door.
 52475 | Vaults:2 | Noticed Lukheov's ghost (veteran DrWn)
 52888 | Vaults:3 | Found a staircase to the Crypt.
 53514 | Vaults:3 | Got Sif Muna's Teachings on the Tropics
 53647 | Vaults:3 | Reached XP level 21. HP: 149/175 MP: 28/35
 54671 | Vaults:4 | Identified the +3 short sword "Denoc" {pain, *Slow +Blink
                  | Str+3 Dex+3}
 54712 | Vaults:4 | Noticed Mennas
 54759 | Vaults:4 | Killed Mennas
 55116 | Vaults:4 | Noticed Boris
 55124 | Vaults:4 | Killed Boris
 56271 | Depths:1 | Entered Level 1 of the Depths
 56283 | Depths:1 | Reached skill level 10 in Armour
 56631 | Depths:1 | Found a one-way gate to the infinite horrors of the Abyss.
 56707 | Depths:1 | Reached skill level 18 in Fighting
 56803 | Depths:1 | Noticed Boris
 56811 | Depths:1 | Found a gateway to Hell.
 56826 | Depths:1 | Killed Boris
 57059 | Depths:1 | Found Kitem's Firing Range.
 58011 | Depths:2 | Noticed Boris
 58033 | Depths:2 | Killed Boris
 58399 | Depths:2 | Found a shimmering blue altar of Sif Muna.
 58574 | Depths:2 | Found a runed translucent door.
 58574 | Depths:2 | Noticed Xutext's ghost (adept DsAK)
 58791 | Depths:2 | Noticed a golden dragon
 58804 | Depths:2 | Killed a golden dragon
 58822 | Depths:2 | Reached XP level 22. HP: 81/185 MP: 34/38
 58828 | Depths:2 | Noticed a golden dragon
 58832 | Depths:2 | Killed a golden dragon
 59100 | Depths:2 | Found a one-way gate leading to the halls of Pandemonium.
 59671 | Depths:3 | Noticed a juggernaut
 59681 | Depths:3 | Killed a juggernaut
 59946 | Depths:2 | Killed Xutext's ghost
 59956 | Depths:2 | Learned a level 5 spell: Borgnjor's Vile Clutch
 60170 | Depths:3 | Reached skill level 19 in Fighting
 60691 | Depths:3 | Identified the +7 dagger "Fedanoap" {chaos, Int+3 Stlth+}
 61655 | Depths:4 | Entered Level 4 of the Depths
 62287 | Depths:4 | Noticed a juggernaut
 62292 | Depths:4 | Killed a juggernaut
 62361 | Depths:4 | Found a one-way gateway to a ziggurat.
 62589 | Depths:4 | Noticed Vv
 62758 | Depths:4 | Found Cimau's Armour Emporium.
 63574 | Depths:4 | Killed Vv
 63927 | Depths:4 | Identified the +8 rapier "Xuba" {speed, ^Contam rElec rPois
                  | Will++}
 63939 | Depths:4 | Reached XP level 23. HP: 175/194 MP: 29/39
 63979 | Depths:4 | Identified the +5 demon trident "Etwuut" {flame, ^Drain rN+
                  | Str+5}
 63992 | Depths:4 | Found a gate to the Realm of Zot.
 66170 | Slime:1  | Entered Level 1 of the Pits of Slime
 66265 | Slime:1  | Reached skill level 20 in Fighting
 67212 | Slime:3  | Paralysed by a formless jellyfish for 1 turns
 68641 | Slime:5  | Entered Level 5 of the Pits of Slime
 68641 | Slime:5  | Found the amulet of the Air {Inacc Air Fly rElec RMsl}
 68733 | Slime:5  | Gained mutation: You are dopey. (Int -2) [a shining eye]
 68734 | Slime:5  | Gained mutation: You occasionally lose the ability to read
                  | scrolls when taking damage. [a shining eye]
 68835 | Slime:5  | Reached skill level 10 in Earth Magic
 69410 | Slime:5  | Found a viscous altar of Jiyva.
 69859 | Slime:5  | Noticed the Royal Jelly
 69864 | Slime:5  | Killed the Royal Jelly
 70051 | Slime:5  | Identified the +0 plate armour of Happy Babbling {rN+
                  | Will++ Dex-5}
 70056 | Slime:5  | Identified the +1 lajatang "Qoumoemaeg" {heavy, rN++}
 70057 | Slime:5  | Identified the +10 rapier "Ocum" {venom, rF- Int+4 Dex+2
                  | Stlth+}
 70060 | Slime:5  | Identified the +4 flail of Corpus Delicti {holy, rPois
                  | Str+4}
 70122 | Slime:5  | Identified the +9 morningstar of Nisum {vamp, rC++ Will+
                  | Dex+2}
 70123 | Slime:5  | Identified the staff of the Pyrrhic Victory {rPois rC+
                  | Will++ Str-2 Dex+2 Ice}
 70126 | Slime:5  | Got a slimy rune of Zot
 70294 | Slime:5  | Acquired a manual of Shields
 70305 | Slime:5  | Identified the ring of Eskualuo {*Corrode rN+++ Str+5 Int-5
                  | SInv}
 70309 | Slime:5  | Got the Directory of Might
 70322 | Slime:5  | Identified the +2 trident "Qijoas" {flame, rC+ Will+ MP+9}
 70605 | Slime:4  | Learned a level 5 spell: Lee's Rapid Deconstruction
 70610 | Slime:4  | Lost mutation: You occasionally lose the ability to read
                  | scrolls when taking damage. [potion of mutation]
 70610 | Slime:4  | Lost mutation: You are dopey. (Int -2) [potion of mutation]
 70610 | Slime:4  | Gained mutation: You passively map a small area around you.
                  | [potion of mutation]
 70974 | Crypt:1  | Entered Level 1 of the Crypt
 71068 | Crypt:1  | Reached XP level 24. HP: 145/164 MP: 39/39
 72123 | Crypt:1  | You fall into a shaft and drop 1 floor!
 74764 | Crypt:2  | Noticed Boris
 74960 | Crypt:2  | Killed Boris
 76070 | Crypt:3  | Entered Level 3 of the Crypt
 76070 | Crypt:3  | Found a staircase to the Tomb.
 76160 | Crypt:3  | Identified the ring "Doll" {rN+ Str+2 Int+3}
 76746 | Crypt:3  | Found an ancient bone altar of Kikubaaqudgha.
 77207 | Crypt:3  | Noticed a dread lich
 77212 | Crypt:3  | Killed a dread lich
 77676 | Crypt:3  | Noticed an ancient lich
 77708 | Crypt:3  | Killed an ancient lich
 77754 | Crypt:3  | Identified the staff of Fimbulwinter {rElec rPois rN+ Str+3
                  | Necro Alchemy}
 77761 | Crypt:3  | Identified the +3 great sword of Anguish {protect, rN+
                  | MP+9}
 77763 | Crypt:3  | Identified the ring "Rilek" {*Corrode rF+ rC+ rN+}
 77765 | Crypt:3  | Identified the +11 flail of Wyusoseg {flame, Str+3 Int+3}
 77917 | Vaults:2 | Killed Lukheov's ghost
 78012 | Vaults:5 | Entered Level 5 of the Vaults
 78016 | Vaults:5 | Reached skill level 21 in Fighting
 78020 | Vaults:5 | Found Hebot's Jewellery Shop.
 78066 | Vaults:5 | Noticed Boris
 78069 | Vaults:5 | Reached XP level 25. HP: 148/215 MP: 7/39
 78083 | Vaults:5 | Killed Boris
 78285 | Vaults:5 | Reached skill level 15 in Armour
 78328 | Vaults:5 | Reached skill level 22 in Fighting
 78335 | Vaults:5 | HP: 9/217 [quicksilver dragon/bolt of dispelling energy
                  | (46)]
 78925 | Vaults:5 | Noticed a dread lich
 78941 | Vaults:5 | Killed a dread lich
 78964 | Vaults:5 | Reached skill level 23 in Fighting
 79201 | Vaults:5 | Found Pomuanaepnye's Distillery.
 79259 | Vaults:5 | Bought a potion of magic for 144 gold pieces
 79259 | Vaults:5 | Bought a potion of heal wounds for 90 gold pieces
 79259 | Vaults:5 | Bought a potion of curing for 54 gold pieces
 79262 | Vaults:5 | Got a silver rune of Zot
 79367 | Vaults:5 | Learned a level 7 spell: Haunt
 79597 | Vaults:5 | Found Dome's Armour Boutique.
 79601 | Vaults:5 | Found Lummomep's Distillery.
 79609 | Vaults:5 | Bought a potion of cancellation for 96 gold pieces
 79609 | Vaults:5 | Bought a potion of curing for 36 gold pieces
 79609 | Vaults:5 | Bought a potion of haste for 120 gold pieces
 79609 | Vaults:5 | Bought a potion of heal wounds for 60 gold pieces
 79609 | Vaults:5 | Bought a potion of resistance for 120 gold pieces
 79609 | Vaults:5 | Bought a potion of haste for 120 gold pieces
 79660 | Vaults:5 | Found Misuytar's Distillery.
 79665 | Vaults:5 | Bought 2 potions of resistance for 340 gold pieces
 79665 | Vaults:5 | Bought a potion of curing for 51 gold pieces
 79665 | Vaults:5 | Bought a potion of curing for 51 gold pieces
 79665 | Vaults:5 | Bought a potion of curing for 51 gold pieces
 79665 | Vaults:5 | Bought a potion of invisibility for 136 gold pieces
 79673 | Vaults:5 | Found Diyleiqu's Magic Scroll Shoppe.
 79673 | Vaults:5 | Found Baysai Diwoe's Magic Scroll Boutique.
 79677 | Vaults:5 | Bought a scroll of blinking for 97 gold pieces
 79677 | Vaults:5 | Bought a scroll of fog for 52 gold pieces
 79677 | Vaults:5 | Bought a scroll of revelation for 97 gold pieces
 79686 | Vaults:5 | Bought a scroll of fear for 92 gold pieces
 79785 | Vaults:5 | Found Bavyt's Magic Scroll Shoppe.
 79790 | Vaults:5 | Bought 3 scrolls of acquirement for 2340 gold pieces
 79792 | Vaults:5 | Acquired an amulet of reflection
 79793 | Vaults:5 | Acquired the +2 pair of boots of Noddo {rF- rC+ Str+5}
 79794 | Vaults:5 | Acquired 700 gold pieces
 79832 | Vaults:5 | Found Ohodamp's Distillery.
 79838 | Vaults:5 | Bought a potion of curing for 48 gold pieces
 79838 | Vaults:5 | Bought a potion of curing for 48 gold pieces
 79838 | Vaults:5 | Bought a potion of curing for 48 gold pieces
 79838 | Vaults:5 | Bought a potion of curing for 48 gold pieces
 79838 | Vaults:5 | Bought a potion of magic for 128 gold pieces
 80220 | Vaults:5 | Bought a scroll of enchant armour for 112 gold pieces
 80448 | Orc:2    | Bought a scroll of enchant armour for 97 gold pieces
 80761 | Zot:1    | Entered Level 1 of the Realm of Zot
 81822 | Zot:2    | Noticed Parghit
 82000 | Zot:2    | Reached XP level 26. HP: 231/231 MP: 39/39
 82325 | Zot:2    | Killed Parghit
 82900 | Zot:2    | Reached skill level 24 in Fighting
 83069 | Zot:2    | Reached skill level 10 in Summonings
 85205 | Zot:4    | Identified the +3 ring mail of Kikubaaqudgha's Envy {rCorr
                  | Str+3 Dex+3}
 85653 | Zot:5    | Entered Level 5 of the Realm of Zot
 85659 | Zot:5    | Noticed an orb of fire
 85678 | Zot:5    | Killed an orb of fire
 85867 | Zot:5    | Found a transporter.
 85901 | Zot:5    | Found a transporter.
 85961 | Zot:5    | Found a transporter.
 85963 | Zot:5    | Found a transporter.
 86219 | Zot:5    | Noticed an ancient lich
 86219 | Zot:5    | Noticed a dread lich
 86228 | Zot:5    | Killed an ancient lich
 86476 | Zot:5    | Noticed an orb of fire
 86484 | Zot:5    | Reached skill level 15 in Summonings
 86484 | Zot:5    | Noticed an ancient lich
 86502 | Zot:5    | Killed an orb of fire
 86503 | Zot:5    | Reached XP level 27. HP: 138/238 MP: 35/39
 86517 | Zot:5    | Killed an ancient lich
 86656 | Zot:5    | Learned a level 1 spell: Apportation
 86659 | Zot:5    | Got the Orb of Zot
 86660 | Zot:5    | Noticed Lexyexit the pandemonium lord
 87274 | D:$      | Escaped with the Orb!

Illustrated notes

Levels and vault maps discovered:
D:1:      scummos_arrival_checkerplants, layout_rooms
D:2:      layout_basic, serial_shops, nicolae_diamond_shop, uniq_sigmund
D:3:      layout_loops_ring, serial_shops, shop, shop, nicolae_square_shop
D:4:      layout_cave_pods, serial_demonic, serial_demonic_c, serial_demonic_f,
          serial_demonic_d, serial_demonic_d, chequers_ossuary_entry_cave,
          minmay_misc_feat_five, minmay_misc_feat_encased
D:5:      layout_basic, minmay_temple_entry_glassed_door, minmay_shop_damaged,
          uniq_duvessa
D:6:      layout_cave_pods
D:7:      layout_loops_corners, serial_library_hellmonk_long_bookcase,
          uniq_jeremiah, uniq_crazy_yiuf_cottage, uniq_pikel
D:8:      layout_basic, special_room [special_room_orc], uniq_psyche
D:9:      layout_grid_maze, gammafunk_temple_overflow_pools,
          kennysheep_generic_room_12, uniq_prince_ribbit1
D:10:     layout_loops_ring, erik_lair_orcish_takeover
D:11:     layout_cave_pods, orc_0_dummy, serial_shops,
          nicolae_shop_back_alley_shop, uniq_josephine
D:12:     layout_roguey, grunt_decor_one_mirror
D:13:     layout_basic, david_vaults_5, gauntlet_entry_generic, serial_glass,
          glass_columns_a, glass_columns_c, glass_columns_a, glass_columns_a,
          glass_columns_b, glass_columns_a, glass_columns_a, glass_columns_a,
          glass_columns_a, glass_columns_b, glass_columns_a, glass_columns_b,
          glass_columns_a, glass_columns_c
D:14:     layout_gridville, amcnicky_mini_pool_small, serial_shops, shop,
          kennysheep_pointless_box, uniq_jorgrun, uniq_agnes
D:15:     grunt_enter_depths_magical_seal, layout_long_grid,
          hangedman_abyss_or_decor_passed
Temple:   mainiacjoe_temple_big_plus
Lair:1:   layout_misc_corridors, minmay_shattered_shrine, lemuel_fruit_tree
Lair:2:   lemuel_reptile_caves, layout_cave_pods
Lair:3:   layout_layer_cave, shoals_dummy_entry, spider_nest_entry_a,
          basic_altar, kennysheep_basilisk_garden, lemuel_fruit_fields,
          uniq_amaemon, uniq_nergalle
Lair:4:   gammafunk_mikee_crab_dinner, layout_regular_city, grunt_megastairs_1,
          serial_bayou_shore_a
Lair:5:   wormcave, layout_hall_layers, hangedman_lair_tendril_chambers,
          nicolae_slime_entry_field_trip, nicolae_lair_time_for_slime
Shoals:1: layout_shoals, ebering_ghost_inner_flame, hangedman_feature_mirror
Shoals:2: layout_shoals
Shoals:3: nicolae_shoals_island_circles, layout_shoals, serial_shops, shop
Shoals:4: shoals_end_grunt_garden, layout_shoals, shoals_ilsuiw_ice,
          serial_shops, nicolae_shop_back_alley_shop
Spider:1: layout_spider_delve, gammafunk_ghost_cemetery, drop_trap, uniq_aizul
Spider:2: layout_spider_delve, nicolae_spider_claw_tunnel, uniq_azrael
Spider:3: layout_spider_delve
Spider:4: grunt_spider_rune_circles, portal_ice_cave_entry_pillars_four,
          drop_trap
Slime:1:  nicolae_slime_pool, layout_caves, cheibrodos_slime_lost_civilization_4
Slime:2:  layout_caves
Slime:3:  layout_caves
Slime:4:  layout_caves, nicolae_slime_crime_time
Slime:5:  slime_pit_nicolae_jellycorners
Orc:1:    layout_caves, serial_shops, shop, nicolae_orc_takin'_care_of_business
Orc:2:    grunt_orc_cross, layout_caves, serial_shops,
          nicolae_shop_hallway_plus, uniq_snorg
Elf:1:    eino_elf_arrival_altar, layout_gridlike, serial_shops, shop,
          nicolae_elf_blasts_and_bolts
Elf:2:    elven_hall_of_blades_hangedman_alternative
          [nooodl_blade_entry_preview], layout_geoelf_diagonals, serial_glass,
          glass_columns_c, glass_columns_c, glass_columns_a, glass_columns_b,
          basic_altar, serial_shops, shop
Elf:3:    minmay_elf_hall_hex, layout_gridlike, grunt_ministairs_12
Vaults:1: nicolae_vaults_inception_statues, v_alt_pattern_3, vaults_room_pools,
          vaults_room_semicircle, layout_vaults_quadrants, uniq_asterion,
          uniq_nikola
Vaults:2: gammafunk_ghost_grave, nicolae_vaults_storage_closets_1,
          nicolae_vaults_ring_of_whatevers, v_misc_11, v_alt_pattern_5,
          nicolae_vaults_more_shelving_1, nicolae_vaults_tangram_1,
          nicolae_vaults_rhombus_7, nicolae_vaults_two_Ls,
          ontoclasm_vaults_tryst, nicolae_vaults_little_squares_6, v_misc_10,
          nicolae_vaults_six-pack, layout_vaults_big_cross
Vaults:3: nicolae_vaults_offset_grid_hallway_4, nicolae_vaults_circle_grid_a,
          nicolae_vaults_library_corner, nicolae_vaults_tangram_2,
          vaults_room_hallway, v_misc_1, vaults_dpeg_emergency_exit,
          nicolae_vaults_alarming, layout_vaults_big_room, dummy_crypt_entry
Vaults:4: nicolae_vaults_lightning_bolt, nicolae_vaults_trapezoid_lopsided_1,
          nicolae_vaults_meiosis, v_misc_5, minmay_orc_keep, vaults_room_fours,
          nicolae_vaults_network_barrier, nicolae_vaults_offset_grid_hallway_1,
          nicolae_vaults_apartment_1, nicolae_vaults_heart-shaped_vault,
          vaults_room_grid, nicolae_vaults_apartment_1, layout_vaults_ring,
          uniq_mennas, uniq_boris
Vaults:5
Crypt:1:  cheibrodos_crypt_draghalla, layout_basic
Crypt:2:  layout_misc_corridors, lemuel_nasty_fountain,
          roderic_lattice_octagonal_star
Crypt:3:  david_glass_crypt, layout_gridlike, basic_altar
Depths:1: layout_gridlike, hangedman_coc_ice_floe,
          serial_library_hellmonk_semicircle, abyss_entry, grunt_ministairs_12,
          nicolae_shop_firing_range, firewood_loft
Depths:2: evilmike_marble_ring, layout_cave_pools,
          nicolae_sif_muna_condensation, minmay_room_of_horrors,
          gammafunk_ghost_grave, pan_entry, grunt_hell_entry_dis_old
Depths:3: lemuel_flame_loot_2, layout_gridlike, grunt_metal_band, abyss_entry,
          serial_corexii_hall, corexii_hall_statues_t,
          chequers_hall_statues_wall_a, infiniplex_staircase_zigzag_3,
          uniq_josephina
Depths:4: lemuel_castle_with_subvaults [lemuel_castle_interior_carwin_1],
          layout_gridlike, enter_ziggurat_d, hell_entry, pan_entry,
          serial_shops, nicolae_shop_back_alley_shop, grunt_megastairs_3,
          uniq_vv
Zot:1:    layout_gridville
Zot:2:    layout_misc_corridors, regret_index_zotdec_twisting_globes,
          regret_index_zot_stipple_split, grunt_ministairs_6, bh_zot_lava_cross,
          st_stairs_4, st_single_dragon_hoard_1, uniq_parghit
Zot:3:    layout_onion_interference, regret_index_zotdec_fiery_em
Zot:4:    layout_cathedral_of_symmetry, regret_index_zotdec_stipple_waver,
          st_stairs_5
Zot:5:    layout_cathedral_of_symmetry, nicolae_transporter_circle

Skill      XL: |  1  2  3  4  5  6  7  8  9 10 11 12 13 14 15 16 17 18 19 20 21 22 23 24 25 26 27 |
---------------+----------------------------------------------------------------------------------+-----
Necromancy     | 5 6 7 8 10 11 12 14 15 16 17 18 19 20 21 22 23 | 23.1
Stealth        | 4 5 8 |  8.0
Spellcasting   | 3 4 5 6 7 9 10 12 | 12.0
Long Blades    | 2 6 9 11 13 14 15 | 15.3
Fighting       | 3 5 7 8 10 12 13 15 16 17 18 19 20 21 23 24 | 24.0
Shields        | 2 4 5 7 8 10 14 | 14.9
Dodging        | 6 9 10 11 12 14 16 17 19 20 23 | 23.4
Armour         | 4 5 8 10 12 13 14 15 | 15.0
Hexes          | 4 5 6 10 | 10.0
Earth Magic    | 2 5 7 10 12 | 12.0
Summonings     | 1 5 9 15 16 | 16.1

Action                     |  1- 3 |  4- 6 |  7- 9 | 10-12 | 13-15 | 16-18 | 19-21 | 22-24 | 25-27 || total
---------------------------+-------+-------+-------+-------+-------+-------+-------+-------+-------++-------
  Melee: Unarmed           |     5 |       |       |       |       |       |       |       |       ||     5
         Whip              |    10 |       |       |       |       |       |       |       |       ||    10
         Dagger            |    50 |       |       |     8 |     9 |       |       |       |       ||    67
         Scimitar          |     3 |       |       |       |       |       |       |       |       ||     3
         Punch             |     1 |     2 |     3 |       |       |       |       |       |       ||     6
         Short sword       |    10 |   291 |   152 |       |       |       |       |       |       ||   453
         Bite              |     2 |    37 |    72 |   166 |   166 |   126 |   166 |   306 |   191 ||  1232
         Falchion          |       |       |   326 |   983 |   468 |       |       |       |       ||  1777
         Double sword      |       |       |       |       |   181 |       |       |   109 |       ||   290
         Demon blade       |       |       |       |       |   432 |   976 |   890 |  1017 |   639 ||  3954
  Throw: Dart              |       |       |     2 |     6 |     1 |       |       |       |       ||     9
   Cast: Necrotise         |    54 |    35 |    17 |     3 |     6 |       |       |       |       ||   115
         Vampiric Draining |     1 |     8 |    25 |    51 |    77 |    48 |     7 |     9 |     4 ||   230
         Animate Dead      |       |       |    10 |    20 |    29 |    32 |    20 |    36 |    24 ||   171
         Fugue of the Fall |       |       |     3 |    29 |    40 |    39 |    40 |    32 |    14 ||   197
         Dispel Undead     |       |       |       |     4 |    25 |     2 |    33 |    77 |    13 ||   154
         Death Channel     |       |       |       |       |    25 |    58 |    68 |    65 |    46 ||   262
         Anguish           |       |       |       |       |       |    24 |    40 |    20 |    15 ||    99
         Martyr's Knell    |       |       |       |       |       |    10 |    50 |    31 |    35 ||   126
         Borgnjor's Vile C |       |       |       |       |       |       |       |    96 |    79 ||   175
         Lee's Rapid Decon |       |       |       |       |       |       |       |    36 |    11 ||    47
         Haunt             |       |       |       |       |       |       |       |       |    23 ||    23
         Apportation       |       |       |       |       |       |       |       |       |     3 ||     3
 Invoke: Unearth Wretches  |       |       |       |     2 |    11 |    11 |     6 |    11 |    15 ||    56
         Brand Weapon With |       |       |       |       |     1 |       |       |       |       ||     1
         Torment           |       |       |       |       |       |       |       |     4 |       ||     4
Ability: Exsanguinate      |       |       |       |     2 |       |       |       |     1 |       ||     3
         Revivify          |       |       |       |     1 |     1 |       |       |     1 |       ||     3
  Evoke: Wand              |       |       |       |       |    19 |     7 |     1 |     3 |       ||    30
    Use: Scroll            |       |     4 |    10 |     7 |    25 |    16 |     5 |    21 |    30 ||   118
         Potion            |       |     1 |     3 |     1 |     6 |    12 |     3 |    16 |    22 ||    64
   Stab: Sleeping          |     2 |    11 |    10 |    18 |    13 |     9 |     3 |     5 |     4 ||    75
         Distracted        |       |       |     4 |    15 |    18 |    19 |    31 |    18 |    26 ||   131
         Paralysed         |       |       |       |     2 |    14 |    15 |     8 |    10 |    23 ||    72
         Invisible         |       |       |       |       |       |     3 |       |     1 |     7 ||    11
 Armour: Robe              |    32 |    85 |   151 |   271 |       |       |       |       |       ||   539
         Acid dragon scale |       |       |       |    30 |   430 |   164 |   500 |   262 |       ||  1386
         Leather armour    |       |       |       |       |       |   305 |       |       |       ||   305
         Quicksilver drago |       |       |       |       |       |       |       |   275 |   263 ||   538
  Dodge: Dodged            |    74 |   121 |   269 |   430 |   749 |   698 |   691 |   770 |   489 ||  4291
         Repelled          |       |       |       |       |     1 |    24 |     1 |       |       ||    26
  Block: Buckler           |       |       |    17 |   238 |   317 |   309 |   333 |   346 |    67 ||  1627
         Reflection        |       |       |     1 |       |    10 |    31 |    26 |     2 |     8 ||    78
         Kite shield       |       |       |       |       |       |       |       |       |   437 ||   437
Riposte: Demon blade       |       |       |       |       |       |       |   145 |   229 |   213 ||   587
         Double sword      |       |       |       |       |       |       |       |    34 |       ||    34
